 Dungeon Crawl Stone Soup version 0.28-a0-1117-g0bdd5ba030 (webtiles) character file.

Game seed: 2760043967221783445

182 ducksouse the Skirmisher (level 5, -3/38 (42) HPs)
             Began as a Human Cinder Acolyte on Dec 12, 2021.
             Was a High Priest of Ignis.
             Slain by a wight (4 damage)
             ... on level 3 of the Dungeon.
             The game lasted 00:11:15 (2984 turns).

ducksouse the Skirmisher (Human Cinder Acolyte)     Turns: 2984, Time: 00:11:15

HP:   -3/38 (42)    AC: 11    Str: 16    XL:     5   Next: 93%
MP:   1/8           EV: 10    Int: 15    God:    Ignis [*****.]
Gold: 100           SH:  0    Dex:  8    Spells: 6/8 levels left

rFire   + . .      SeeInvis .   a - -1 mace (flame)
rCold   . . .      Faith    .   (no shield)
rNeg    . . .      Spirit   .   m - +0 ring mail
rPois   .          Reflect  .   (no helmet)
rElec   .          Harm     .   p - +0 cloak
rCorr   .          Rampage  .   (no gloves)
Will    .....                   h - +0 pair of boots
Stlth   ..........              (no amulet)
HPRegen 0.12/turn               k - +4 ring of protection
MPRegen 0.11/turn               (no ring)

@: drained
A: no striking features
a: Renounce Religion, Fiery Armour, Foxfire Swarm, Rising Flame


You were on level 3 of the Dungeon.
You worshipped Ignis.
Ignis was extremely pleased with you.
You visited 1 branch of the dungeon, and saw 3 of its levels.

You collected 100 gold pieces.

Inventory:

Hand Weapons
 a - a -1 mace of flaming (weapon)
 g - a +0 dagger
 i - a +2 whip of venom
Missiles
 o - 2 large rocks
Armour
 b - a +0 robe
 h - a +0 pair of boots (worn)
 j - a +0 pair of boots
 m - a +0 ring mail (worn)
 p - a +0 cloak (worn)
 q - a +0 scale mail
Jewellery
 k - a +4 ring of protection (left hand)
Scrolls
 l - a scroll of amnesia {unknown}
 r - a scroll of noise {unknown}
Potions
 d - a potion of flight {unknown}
 e - a potion of heal wounds {unknown}
 f - 2 potions of degeneration {unknown}
 n - a potion of attraction {unknown}


   Skills:
 + Level 4.1 Fighting
 + Level 4.0 Maces & Flails
 + Level 2.3 Spellcasting
 + Level 3.9 Fire Magic


You had 6 spell levels left.
You knew the following spells:

 Your Spells              Type           Power      Damage    Failure   Level
a - Scorch                Fire           26%        2d6       12%         2

Your spell library contained the following spells:

 Spells                   Type           Power      Damage    Failure   Level
 Freeze                   Ice            4%         1d3       38%         1
 Shock                    Conj/Air       4%         1d3       38%         1
 Summon Guardian Golem    Hex/Summ       1%         N/A       77%         3
 Swiftness                Air            1%         N/A       77%         3
 Airstrike                Air            0%         N/A       99%         4
 Orb of Destruction       Conj           0%         N/A       100%        7
 Spellforged Servitor     Conj/Summ      0%         N/A       100%        7


Dungeon Overview and Level Annotations

Branches:
Dungeon (3/15)

Altars:


Message History

As you open the door, it creaks loudly!
You hear a shout!
The wight closely misses you.
Found 11 gold pieces.
There is an open door here.
Flames lash the wight.
You destroy the wight!
Your life force feels restored.
Your Fighting skill increases to level 4!
Your Maces & Flails skill increases to level 4!
You hit the wight but do no damage. The wight closely misses you.
You hit the wight but do no damage. The wight hits you with a +0 mace.
You feel drained. The wight hits you with a +0 spear.
The wight hits you with a +0 mace!
* * * LOW HITPOINT WARNING * * *
The wight hits you but does no damage.
You feel better. The wight hits you but does no damage.
You are too injured to fight recklessly!
There are no items here.
You hit the wight. You burn the wight.
The wight is heavily damaged.
The wight hits you with a +0 mace.
You feel drained. The wight barely misses you. The wight closely misses you.
You barely miss the wight.
The wight is heavily damaged.
The wight misses you. The wight closely misses you.
The wight hits you from afar with a +0 spear.
* * * LOW HITPOINT WARNING * * *
You feel drained.
You hit the wight. You burn the wight.
The wight is severely damaged.
The wight hits you but does no damage. The wight completely misses you.
You hit the wight. You burn the wight.
The wight is almost destroyed.
The wight hits you with a +0 mace.
* * * LOW HITPOINT WARNING * * *
The wight hits you but does no damage.
You hit the wight but do no damage.
The wight is almost destroyed.
The wight hits you with a +0 mace.
You die...

.# . #.# .
#.######## .##
#....(...######
..#
#........#zz@.+
#.#
#........#z####
#.###........#.#
..#..........)$#
...(.......z.###
.#...........#
)#.##........#
.#.##..†.....#
.#.##.##'#####


You could see 3 wights.

Vanquished Creatures
  2 wights (D:3)
  An orc wizard (D:3)
  2 dart slugs
  3 orcs (D:3)
  4 bats
  4 endoplasms
  3 giant cockroaches
  8 goblins
  7 hobgoblins
  7 jackals
  10 kobolds
  A quokka (D:2)
  6 ball pythons
  4 frilled lizards
  5 rats
67 creatures vanquished.

Vanquished Creatures (others)
  2 fungi (D:2)
  4 plants (D:2)
6 creatures vanquished.

Grand Total: 73 creatures vanquished

Notes
Turn   | Place    | Note
-------+----------+-------------------------------------------
     0 | D:1      | ducksouse the Human Cinder Acolyte began the quest for the
                  | Orb.
     0 | D:1      | Reached XP level 1. HP: 18/18 MP: 2/2
    78 | D:1      | Reached XP level 2. HP: 22/24 MP: 3/3
   258 | D:1      | HP: 1/24 [kobold (2)]
   890 | D:1      | Reached XP level 3. HP: 25/29 MP: 5/5
  1314 | D:1      | Learned a level 2 spell: Scorch
  1752 | D:2      | Reached XP level 4. HP: 34/35 MP: 6/6
  1768 | D:2      | Found a faded altar of an unknown god.
  1778 | D:2      | Got Plato's Catalogue of the Snowflakes
  2848 | D:3      | Reached XP level 5. HP: 42/42 MP: 0/8
  2983 | D:3      | HP: 1/38 [wight (6)]
  2984 | D:3      | Slain by a wight

Illustrated notes

Levels and vault maps discovered:
D:1:      dpeg_arrival_solitude, layout_basic, minmay_vboxes
D:2:      layout_loops_corners, shapermc_ecumenical_altar_rom_forum
D:3:      layout_basic, uniq_grinder

Skill      XL: |  1  2  3  4  5 |
---------------+----------------+-----
Spellcasting   | 2 |  2.3
Fighting       | 4 |  4.1
Maces & Flails | 4 |  4.0
Fire Magic     | |  3.9

Action                   |  1- 3 |  4- 6 || total
-------------------------+-------+-------++-------
Melee: Mace              |    80 |    38 ||   118
 Cast: Scorch            |     5 |    21 ||    26
Invok: Fiery Armour      |     1 |       ||     1
  Use: Potion            |       |     2 ||     2
Armor: Robe              |    20 |       ||    20
       Ring mail         |     5 |    21 ||    26
Dodge: Dodged            |    53 |    29 ||    82

Table legend: (Time is in decaauts)
 A = Elapsed time spent in this place.
 B = Non-inter-level travel time spent in this place.
 C = Inter-level travel time spent in this place.
 D = Time resting spent in this place.
 E = Time spent auto-exploring this place.
 F = Levels seen in this place.
 G = Mean time per level.
                   A        B        C        D        E       F      G
               +--------+--------+--------+--------+--------+-----+--------+
         Total |   3009 |   2961 |     48 |    476 |   1447 |   3 | 1003.0 |
       Dungeon |   3009 |   2961 |     48 |    476 |   1447 |   3 | 1003.0 |
               +--------+--------+--------+--------+--------+-----+--------+

Top non-repeatable levels by time:
     D:1: 1491 daAuts
     D:2: 1258 daAuts
     D:3: 259 daAuts
